 Dungeon Crawl Stone Soup version 0.18.1-48-g4cf74bf (webtiles) character file.

10202 Gargoyl the Protected (level 11, -21/87 HPs)
             Began as a Demonspawn Abyssal Knight on Sept 6, 2016.
             Was the Champion of Lugonu.
             Demolished by an orc warrior
             ... wielding a +0 short sword
              (22 damage)
             ... on level 2 of the Orcish Mines.
             The game lasted 00:24:45 (12699 turns).

Gargoyl the Protected (Demonspawn Abyssal Knight)  Turns: 12699, Time: 00:24:46

Health: -21/87     AC: 22    Str: 18    XL:     11   Next: 33%
Magic:  12/12      EV:  8    Int: 15    God:    Lugonu [******]
Gold:   1392       SH:  3    Dex: 12    Spells: 0 memorised, 10 levels left

rFire  . . .     SeeInvis .     E - +0 battleaxe (chop)
rCold  . . .     Gourm    .     h - +0 plate armour
rNeg   . . .     Faith    .     (shield currently unavailable)
rPois  .         Spirit   .     (helmet restricted)
rElec  .         Dismiss  .     w - +0 cloak
rCorr  .         Reflect  +     k - +2 pair of gloves
SustAt .         Harm     .     e - +2 pair of boots
MR     .....                    j - +3 amulet of reflection
Stlth  ..........               u - +3 ring of strength
                                (no ring)

@: not resistant to hostile enchantments, extremely unstealthy
A: antennae 1, hooves 2, iridescent scales 1, deformed body, demonic guardian 1,
spiny 2
a: Depart the Abyss, Bend Space, Banish, Corrupt, Enter the Abyss, Brand Weapon
With Distortion, Renounce Religion


You were on level 2 of the Orcish Mines.
You worshipped Lugonu.
Lugonu was exalted by your worship.
You were not hungry.

You visited 2 branches of the dungeon, and saw 11 of its levels.
You visited the Abyss 1 time.

You collected 1392 gold pieces.

Inventory:

Hand Weapons
 y - a +1 war axe
 E - a +0 battleaxe of chopping (weapon)
Missiles
 t - 10 tomahawks
 v - 4 javelins (quivered)
Armour
 e - a +2 pair of boots (worn)
 h - a +0 plate armour (worn)
 k - a +2 pair of gloves (worn)
 p - a +0 helmet
 w - a +0 cloak (worn)
Jewellery
 j - a +3 amulet of reflection (around neck)
 n - an uncursed ring of flight
 u - a +3 ring of strength (right hand)
 D - an uncursed ring of protection from cold {unknown}
Wands
 a - a wand of enslavement (6/24)
 g - a wand of iceblast (5/15)
 K - a wand of lightning (8/15)
Scrolls
 d - 4 scrolls of teleportation
 f - 11 scrolls of identify
 x - a scroll of fog
 z - a scroll of blinking
 F - a scroll of magic mapping
Potions
 b - a potion of degeneration
 q - 2 potions of curing
 A - 2 potions of lignification
Books
 o - a book of Beasts

   Spells                             Type                      Level
   a - Summon Butterflies             Summoning                    1
   b - Call Canine Familiar           Summoning                    3
   c - Summon Ice Beast               Ice/Summoning                4
   d - Summon Mana Viper              Hexes/Summoning              5
   e - Summon Hydra                   Summoning                    7
Miscellaneous
 s - a sack of spiders
Comestibles
 c - 7 bread rations
 i - 4 meat rations
 l - a royal jelly
 J - 2 beef jerkies
 L - 6 slices of pizza


   Skills:
 + Level 8.3 Fighting
 + Level 8.9 Axes
 + Level 0.5 Throwing
 * Level 11.0 Armour
 + Level 4.3 Dodging
 + Level 2.4 Stealth
 + Level 2.5 Invocations


You had 10 spell levels left.
You didn't know any spells.

Dungeon Overview and Level Annotations

Branches:
Dungeon (9/15)             Temple (0/1) D:4            Lair (0/8) D:9
    Orc (2/2) D:9             Elf (0/3) Orc:2

Altars:
Ashenzari
Dithmenos
Fedhas
Gozag
Kikubaaqudgha
Makhleb
Nemelex Xobeh
Okawaru
Qazlal
Ru
Trog
Xom
Yredelemnul
Zin
The Shining One

Annotations:
Orc:1 tschems's ghost, journeyman HuBe


Innate Abilities, Weirdness & Mutations

You have hoof-like feet.
You are partially covered in iridescent scales (AC +4).
A weak demonic guardian rushes to your aid.
You are mostly covered in sharp spines.
You have a pair of small antennae on your head.
Armour fits poorly on your strangely shaped body.


Message History

The orc warrior hits you but does no damage.
The orc warrior barely misses you.
Unknown command.
Your plate armour prevents you from hitting the orc warrior.
The orc warrior is heavily wounded.
Your plate armour prevents you from hitting the orc warrior.
The orc warrior is moderately wounded.
The orc warrior hits you with a mace!
* * * LOW HITPOINT WARNING * * *
The orc warrior hits you but does no damage.
You slash the orc warrior!
You kill the orc warrior!
Lugonu accepts your kill.
You hit the orc warrior but do no damage.
The orc warrior is moderately wounded.
The orc warrior is struck by your spines.
The orc warrior hits you with a short sword!
* * * LOW HITPOINT WARNING * * *
The orc warrior hits you with a short sword!!
You die...

#. ## #.##.#
##.....#
.......###
.........##
........>.##
......).o.## ..
####..[@...##
...... ###.[)....#
.......#$#......##
#....###...)..##
##....#)).#..##
#........##.##
#........###
##......##
#........#


You could see an orc warrior.

Vanquished Creatures
  Pikel (D:3)
  2 trolls
  A wraith (D:7)
  7 yaks (D:9)
  A human (D:8)
  A basilisk (D:8)
  3 wargs
  2 hell hounds (D:9)
  14 orc warriors
  15 ogres
  2 ice beasts
  2 sky beasts
  A phantom (D:8)
  10 centaurs
  A big kobold (D:8)
  5 giant frogs (D:6)
  A gnoll sergeant (Orc:2)
  A scorpion (D:7)
  A troll zombie (D:7)
  5 killer bees (D:8)
  7 wights
  A howler monkey (D:5)
  9 crimson imps
  A giant frog zombie (D:8)
  4 human zombies (D:7)
  A jelly (D:8)
  11 orc priests
  Crazy Yiuf (D:3)
  A giant frog skeleton (D:7)
  4 gnoll shamans
  6 orc wizards
  2 iguanas
  A human skeleton (D:7)
  12 worker ants
  4 sheep (D:8)
  A hound skeleton (D:6)
  A mummy (D:7)
  Robin (D:3)
  18 gnolls
  8 adders
  A river rat (D:3)
  2 shadow imps
  A white imp (D:8)
  An ooze (D:7)
  An adder zombie (D:5)
  An adder skeleton (D:8)
  2 worms
  3 dart slugs
  4 giant geckos
  65 orcs
  11 bats
  5 giant cockroaches
  22 goblins
  17 hobgoblins
  15 jackals
  3 quokkas
  2 ball pythons
  A giant cockroach zombie (D:6)
  A giant gecko skeleton (D:5)
  7 giant newts
  3 goblin skeletons (D:8)
  A goblin zombie (D:8)
  A hobgoblin zombie (D:8)
  2 jackal skeletons
  15 kobolds
  3 kobold skeletons (D:8)
  A kobold zombie (D:8)
  An orc skeleton (D:8)
  A quokka skeleton (D:5)
  A quokka zombie (D:7)
  16 rats
  A plant (D:8)
381 creatures vanquished.

Vanquished Creatures (collateral kills)
  A hippogriff (D:9)
  An orc warrior (Orc:2)
  2 ice beasts
  2 ogres
  2 giant frogs
  A hound zombie (D:8)
  A gnoll (D:8)
  An adder (D:7)
  2 orcs
13 creatures vanquished.

Vanquished Creatures (others)
  A plant (D:8)
1 creature vanquished.

Grand Total: 395 creatures vanquished

Notes
Turn   | Place    | Note
--------------------------------------------------------------
     0 | Abyss:1  | Gargoyl the Demonspawn Abyssal Knight began the quest for the Orb.
     0 | Abyss:1  | Reached XP level 1. HP: 18/18 MP: 2/2
    84 | Abyss:3  | Noticed a shadow demon
    85 | D:1      | Escaped the Abyss
   202 | D:1      | Gained mutation: You are partially covered in iridescent scales (AC +4). [demonic ancestry]
   202 | D:1      | Reached XP level 2. HP: 21/24 MP: 3/3
   256 | D:1      | Reached skill level 2 in Armour
   309 | D:1      | Reached * piety under Lugonu
   309 | D:1      | Reached skill level 1 in Dodging
   693 | D:1      | Reached XP level 3. HP: 27/29 MP: 4/4
  1778 | D:2      | Reached XP level 4. HP: 37/37 MP: 5/5
  2018 | D:2      | Reached ** piety under Lugonu
  2383 | D:2      | Reached skill level 3 in Armour
  2604 | D:2      | Noticed a centaur
  2619 | D:2      | Killed a centaur
  2619 | D:2      | Reached XP level 5. HP: 15/42 MP: 6/6
  2899 | D:3      | Found a basalt altar of Yredelemnul.
  3101 | D:3      | Reached *** piety under Lugonu
  3163 | D:3      | Noticed Robin
  3184 | D:3      | Killed Robin
  3184 | D:3      | Gained mutation: You are partially covered in sharp spines. [demonic ancestry]
  3184 | D:3      | Reached XP level 6. HP: 25/48 MP: 7/7
  3542 | D:3      | Reached skill level 4 in Armour
  4232 | D:3      | Noticed Crazy Yiuf
  4238 | D:3      | Killed Crazy Yiuf
  4315 | D:4      | Noticed Pikel
  4315 | D:4      | Noticed a slave
  4315 | D:4      | Noticed a slave
  4315 | D:4      | Noticed a slave
  4315 | D:4      | Noticed a slave
  4347 | D:3      | Killed Pikel
  4347 | D:3      | Reached skill level 5 in Armour
  4347 | D:3      | Gained mutation: A weak demonic guardian rushes to your aid. [demonic ancestry]
  4347 | D:3      | Reached XP level 7. HP: 37/55 MP: 8/8
  4575 | D:4      | Reached **** piety under Lugonu
  4840 | D:4      | Reached XP level 8. HP: 55/61 MP: 9/9
  4994 | D:4      | Found a staircase to the Ecumenical Temple.
  5002 | D:4      | Reached skill level 6 in Armour
  5233 | D:5      | Entered Level 5 of the Dungeon
  5282 | D:5      | Reached skill level 5 in Fighting
  6060 | D:6      | Reached skill level 7 in Armour
  6107 | D:6      | Reached skill level 5 in Axes
  6604 | D:6      | Reached XP level 9. HP: 51/68 MP: 10/10
  6619 | D:6      | Reached skill level 1 in Stealth
  6728 | D:6      | Reached skill level 8 in Armour
  6789 | D:6      | Found a burning altar of Makhleb.
  7178 | D:7      | Found a shattered altar of Ashenzari.
  7236 | D:7      | Found a sacrificial altar of Ru.
  7670 | D:7      | Reached ***** piety under Lugonu
  7953 | D:7      | Found a shadowy altar of Dithmenos.
  8121 | D:7      | Found a basalt altar of Yredelemnul.
  8149 | D:7      | Reached skill level 9 in Armour
  8502 | D:8      | Found a blossoming altar of Fedhas.
  8509 | D:8      | Found a stormy altar of Qazlal.
  8551 | D:8      | Found a shattered altar of Ashenzari.
  8603 | D:8      | Gained mutation: You have large cloven feet. [demonic ancestry]
  8603 | D:8      | Reached XP level 10. HP: 71/77 MP: 11/11
  8628 | D:8      | Found a sparkling altar of Nemelex Xobeh.
  9049 | D:8      | Found a glowing golden altar of the Shining One.
  9154 | D:8      | Reached skill level 10 in Armour
  9348 | D:8      | Gained mutation: You have a pair of small antennae on your head. [potion of mutation]
  9348 | D:8      | Gained mutation: Armour fits poorly on your strangely shaped body. [potion of mutation]
  9348 | D:8      | Gained mutation: You have hoof-like feet. [potion of mutation]
  9575 | D:9      | Found an ancient bone altar of Kikubaaqudgha.
  9585 | D:9      | Found a staircase to the Lair.
  9616 | D:9      | Reached ****** piety under Lugonu
  9640 | D:8      | HP: 2/77 [orc warrior/dire flail of holy wrath (15)]
 10219 | D:9      | Found a staircase to the Orcish Mines.
 10224 | D:9      | Found a glowing silver altar of Zin.
 10260 | D:9      | Noticed an angel
 10270 | D:9      | Found a shimmering altar of Xom.
 10463 | D:9      | Found an opulent altar of Gozag.
 10545 | D:9      | Found an iron altar of Okawaru.
 10625 | D:9      | Gained mutation: You are mostly covered in sharp spines. [demonic ancestry]
 10625 | D:9      | Reached XP level 11. HP: 69/86 MP: 12/12
 10947 | Orc:1    | Entered Level 1 of the Orcish Mines
 10947 | Orc:1    | Found a bloodstained altar of Trog.
 11141 | Orc:2    | Entered Level 2 of the Orcish Mines
 11149 | Orc:2    | Found a flickering gateway to a bazaar.
 11156 | Orc:1    | Noticed tschems's ghost (journeyman HuBe)
 11985 | Orc:2    | Found a staircase to the Elven Halls.
 12064 | Orc:1    | Reached skill level 11 in Armour
 12245 | Orc:1    | Noticed an orc warlord
 12699 | Orc:2    | HP: 1/87 [orc warrior/short sword (15)]
 12699 | Orc:2    | Demolished by an orc warrior

Skill      XL: |  1  2  3  4  5  6  7  8  9 10 11 |
---------------+----------------------------------+-----
Armour         | 2 3 5 7 9 10 11 | 11.0
Dodging        | 1 2 3 4 |  4.3
Axes           | 2 3 4 5 6 8 |  8.9
Fighting       | 4 5 6 7 8 |  8.3
Stealth        | 1 2 |  2.4
Throwing       | |  0.5
Invocations    | |  2.5

Action                   |  1- 3 |  4- 6 |  7- 9 | 10-12 || total
-------------------------+-------+-------+-------+-------++-------
Melee: Hand axe          |   140 |   250 |    68 |       ||   458
       War axe           |       |       |   226 |       ||   226
       Battleaxe         |       |       |    34 |   245 ||   279
Throw: Javelin           |       |     2 |       |       ||     2
Invok: Depart the Abyss  |     1 |       |       |       ||     1
  Use: Scroll            |       |     6 |     6 |     2 ||    14
       Potion            |       |       |       |    16 ||    16
 Stab: Distracted        |       |       |     1 |     2 ||     3
       Paralysed         |       |       |     2 |       ||     2
  Eat: Chunk             |     3 |     8 |    15 |    11 ||    37
       Pizza             |       |       |       |     1 ||     1
       Royal jelly       |       |       |       |     1 ||     1
Armor: Leather armour    |    27 |       |       |       ||    27
       Chain mail        |   104 |   224 |    42 |       ||   370
       Ring mail         |     2 |       |       |       ||     2
       Plate armour      |       |       |   207 |   239 ||   446
Dodge: Dodged            |    88 |   111 |   109 |   159 ||   467
Block: Other             |    19 |    44 |    45 |    44 ||   152
       Reflection        |     1 |     1 |     2 |     1 ||     5
